 Dungeon Crawl Stone Soup version 0.22-a0-299-g43f9854 (webtiles) character file.

149 Amnesiac the Magician (level 5, -3/30 HPs)
             Began as a Deep Elf Wizard on Mar 25, 2018.
             Slain by an orc
             ... wielding a +0 whip
              (7 damage)
             ... on level 4 of the Dungeon.
             The game lasted 00:03:22 (1635 turns).

Amnesiac the Magician (Deep Elf Wizard)             Turns: 1635, Time: 00:03:23

Health: -3/30      AC:  3    Str:  1 (4)  XL:     5   Next: 9%
Magic:  4/22       EV: 13    Int: 24 (26) God:
Gold:   135        SH:  0    Dex: 13      Spells: 2/13 levels left

rFire    . . .     SeeInvis .   (no weapon)
rCold    . . .     Gourm    .   (no shield)
rNeg     . . .     Faith    +   a - +0 robe
rPois    .         Spirit   .   b - +1 hat
rElec    .         Reflect  .   (no cloak)
rCorr    .         Harm     .   (no gloves)
MR       .....                  (no boots)
Stlth    ++........             u - amulet of faith
HPRegen  0.10/turn              v - ring of magical power
MPRegen  0.18/turn              h - +2 ring of intelligence

@: no status effects
A: no striking features
a: no special abilities


You were on level 4 of the Dungeon.
You were not hungry.

You visited 1 branch of the dungeon, and saw 4 of its levels.

You collected 135 gold pieces.

Inventory:

Armour
 a - a +0 robe (worn)
 b - a +1 hat (worn)
Jewellery
 h - a +2 ring of intelligence (right hand)
 j - a +3 amulet of reflection
 m - an uncursed amulet of the gourmand
 s - an uncursed ring of protection from cold
 u - an amulet of faith (around neck)
 v - a ring of magical power (left hand)
Wands
 q - a wand of disintegration (13)
Scrolls
 f - 5 scrolls of amnesia {!r}
 i - 2 scrolls of fog {!r}
 l - a scroll of identify {!r}
 r - a scroll of fear {!r}
Comestibles
 d - 5 rations
 t - 4 chunks of flesh


   Skills:
 + Level 2.0 Fighting
 - Level 2.4 Dodging
 - Level 2.4 Stealth
 - Level 4.5 Spellcasting
 * Level 4.4 Conjurations
 - Level 1.1 Summonings
 - Level 1.1 Translocations


You had 2 spell levels left.
You knew the following spells:

 Your Spells              Type           Power        Failure   Level  Hunger
a - Magic Dart            Conj           ####         1%          1    None
b - Call Imp              Summ           ##......     9%          2    None
e - Mephitic Cloud        Conj/Pois/Air  ##......     16%         3    ##.....
s - Conjure Flame         Conj/Fire      ###.....     11%         3    ##.....
v - Blink                 Tloc           N/A          9%          2    None


Dungeon Overview and Level Annotations

Branches:
Dungeon (4/15)
 Temple: D:4-7

Altars:
Nemelex Xobeh


Message History

You have reached level 5!
The hound skeleton bites you but does no damage.
The hound skeleton barely misses you. The orc hits you with a whip.
You feel sick.
You are no longer poisoned.
The hound skeleton bites you but does no damage.
The hound skeleton bites you but does no damage.
An orc comes into view.
The orc throws a javelin.
The javelin hits you.
You see here a javelin.
The orc throws a javelin.
The javelin hits you!
* * * LOW HITPOINT WARNING * * *
You see here a javelin.
You aren't carrying any potions.
Really read
f - 6 scrolls labeled WIGELO MAWUED {!r}?
As you read the scroll labeled WIGELO MAWUED {!r}, it crumbles to dust.
It is a scroll of amnesia.
Okay, then.
The hound skeleton misses you.
The orc throws a javelin.
The javelin hits you but does no damage.
The hound skeleton misses you.
Unknown command.
Really read
e - a scroll labeled FULOYKL KOCS {!r}?
As you read the scroll labeled FULOYKL KOCS {!r}, it crumbles to dust.
You feel aware of your surroundings.
It was a scroll of magic mapping {!r}.
The hound skeleton closely misses you. x2
Really read
i - 3 scrolls labeled UBYICZ JITHELO {!r}?
As you read the scroll labeled UBYICZ JITHELO {!r}, it crumbles to dust.
The scroll dissolves into smoke.
It was a scroll of fog {!r}.
The hound skeleton bites you but does no damage.
Really read
l - 2 scrolls labeled QAIPSY OMECE {!r}?
As you read the scroll labeled QAIPSY OMECE {!r}, it crumbles to dust.
It is a scroll of identify.
r - a scroll of fear {!r} The hound skeleton barely misses you.
The orc closely misses you.
Really read
n - a scroll labeled YTU CYFYXKY {!r}?
As you read the scroll labeled YTU CYFYXKY {!r}, it crumbles to dust.
It is a scroll of enchant armour.
Your +0 hat glows green for a moment.
The hound skeleton barely misses you. The orc closely misses you.
Really read
o - a scroll labeled BAROGRUICI {!r}?
As you read the scroll labeled BAROGRUICI {!r}, it crumbles to dust.
The dust glows mottled lime green!
It was a scroll of random uselessness {!r}.
The hound skeleton misses you. The orc closely misses you.
The hound skeleton bites you.
* * * LOW HITPOINT WARNING * * *
Okay, then.
Unknown command.
Unknown command.
Okay, then.
The hound skeleton bites you.
* * * LOW HITPOINT WARNING * * *
The phantom blinks!
Casting: Magic Dart (safe; 1% risk of failure)
Confirm with . or Enter, or press ? or * to list all spells.
Aiming: Conjure Flame (safe; 11% risk of failure)
Press: ? - help, Dir - move target cursor The fire ignites!
The hound skeleton completely misses you.
The hound skeleton bites you.
* * * LOW HITPOINT WARNING * * *
The orc hits you with a whip!
You die...

##.....§....†......,,,,*
#..).§.§§§§§......,,,,*
#......§§§§§§.....,,,**
#......§§§§.......,,,,,
#......###§§......,,,,,
#.......((.....#..,,,,,
#....o)...........,,,,,
#####OZo..........,,,,,
#.@....##.....,,,,,
#.........##..,,,**
#W.........,,.,,,,,
#...........,,,,,,,
#..........,,,,,,,,
***#.........,,,,,,,,,
*,,..........,,,,,*,,,
*,,.......###,,,***,,,
*,,,,,,,,,* *,,,* *,,,


You could see a phantom, an ogre, 2 orcs and a hound skeleton.

Vanquished Creatures
  An orc wizard (D:4)
  A gnoll (D:1)
  4 adders
  An ooze (D:2)
  A worm (D:2)
  3 dart slugs (D:1)
  3 leopard geckos
  3 orcs
  A ball python (D:2)
  6 bats
  4 giant cockroaches
  8 goblins
  3 hobgoblins
  3 jackals
  A quokka (D:4)
  3 frilled lizards
  8 kobolds
  4 rats
58 creatures vanquished.

Notes
Turn   | Place    | Note
-------+----------+-------------------------------------------
     0 | D:1      | Amnesiac the Deep Elf Wizard began the quest for the Orb.
     0 | D:1      | Reached XP level 1. HP: 10/10 MP: 7/7
   112 | D:1      | Reached XP level 2. HP: 16/16 MP: 0/9
   116 | D:1      | Learned a level 2 spell: Blink
   119 | D:1      | Learned a level 2 spell: Call Imp
   271 | D:1      | Found a sparkling altar of Nemelex Xobeh.
   574 | D:1      | Reached skill level 1 in Fighting
   574 | D:1      | Reached XP level 3. HP: 20/20 MP: 1/11
   579 | D:1      | Learned a level 3 spell: Conjure Flame
   583 | D:1      | Learned a level 3 spell: Mephitic Cloud
  1065 | D:2      | Reached XP level 4. HP: 23/25 MP: 5/12
  1607 | D:4      | Noticed an ogre
  1611 | D:4      | Noticed a phantom
  1614 | D:4      | Reached XP level 5. HP: 28/30 MP: 3/13
  1635 | D:4      | Slain by an orc

Vault maps used:
D:1:      mrwooster_arrival_statue, dk_noncrumbling_3,
          nemelex_diamond_rough_becter
D:3:      kb_forest_paths, first_ration, uniq_grinder
D:4:      minmay_cut_off

Skill      XL: |  1  2  3  4 |
---------------+-------------+-----
Conjurations   | 2 3 4 |  4.4
Fighting       | 1 2 |  2.0
Dodging        | |  2.4
Stealth        | |  2.4
Spellcasting   | |  4.5
Summonings     | |  1.1
Translocations | |  1.1

Action                   |  1- 3 |  4- 6 || total
-------------------------+-------+-------++-------
Melee: Unarmed           |     1 |     5 ||     6
 Cast: Magic Dart        |    94 |    47 ||   141
       Call Imp          |       |     2 ||     2
       Mephitic Cloud    |       |     1 ||     1
       Conjure Flame     |       |     1 ||     1
  Use: Scroll            |     2 |     6 ||     8
       Potion            |       |     4 ||     4
  Eat: Chunk             |       |     6 ||     6
Armor: Robe              |     1 |     7 ||     8
       Skin              |       |     1 ||     1
Dodge: Dodged            |     8 |    33 ||    41

Table legend:
 A = Spawn XP
 B = Non-spawn XP
 C = Spawn XP percentage of total XP
 D = Spawn monster count
 E = Non-spawn monster count
 F = Spawn count percentage of total count
 G = Total turns spent on level
                    A         B        C        D         E        F      G
               +---------+---------+-------+---------+---------+-------+---------
         Total |       0 |     214 |   0.0 |       0 |      58 |   0.0 |  1635
               +---------+---------+-------+---------+---------+-------+---------
           D:1 |       0 |      50 |   0.0 |       0 |      18 |   0.0 |   676
           D:2 |       0 |      62 |   0.0 |       0 |      24 |   0.0 |   639
           D:3 |       0 |      20 |   0.0 |       0 |       9 |   0.0 |   132
           D:4 |       0 |      82 |   0.0 |       0 |       7 |   0.0 |   188
               +---------+---------+-------+---------+---------+-------+---------
